 Dungeon Crawl Stone Soup version 0.27.1-1-g398f81649c (webtiles) character file.

Game seed: 6171985271179603517

214 MisterFreud the Shield-Bearer (level 5, 0/47 HPs)
             Began as a Gnoll Fighter on Sept 9, 2021.
             Was a Believer of Nemelex Xobeh.
             Succumbed to a killer bee's poison
             ... on level 3 of the Dungeon.
             The game lasted 00:04:51 (2689 turns).

MisterFreud the Shield-Bearer (Gnoll Fighter)       Turns: 2689, Time: 00:04:51

Health: 0/47       AC:  5    Str: 16    XL:     5   Next: 91%
Magic:  7/7        EV:  8    Int:  8    God:    Nemelex Xobeh [**....]
Gold:   105        SH: 10    Dex: 11    Spells: 7/7 levels left

rFire    . . .     SeeInvis .   t - +2 short sword (speed)
rCold    . . .     Faith    .   c - +0 kite shield
rNeg     . . .     Spirit   .   b - +0 scale mail
rPois    .         Reflect  .   (no helmet)
rElec    .         Harm     .   (no cloak)
rCorr    .         Rampage  .   o - +0 pair of gloves
Will     .....                  (no boots)
Stlth    ..........             g - amulet of the acrobat
HPRegen  0.15/turn              (no ring)
MPRegen  0.10/turn              (no ring)

@: lethally poisoned (0 -> -7), corroded, attractive
A: fangs 1, strong nose, distributed training
a: Renounce Religion, Draw Escape, Draw Destruction, Draw Summoning


You were on level 3 of the Dungeon.
You worshipped Nemelex Xobeh.
Nemelex Xobeh was pleased with you.
You visited 1 branch of the dungeon, and saw 3 of its levels.

You collected 198 gold pieces.
You spent 93 gold pieces at shops.

Inventory:

Hand Weapons
 a - a +0 rapier
 t - a +2 short sword of speed (weapon)
Missiles
 v - 3 boomerangs (quivered)
Armour
 b - a +0 scale mail (worn)
 c - a +0 kite shield (worn)
 o - a +0 pair of gloves (worn)
Jewellery
 g - an amulet of the acrobat (around neck)
 m - an amulet of guardian spirit
Scrolls
 f - 2 scrolls of teleportation
 h - a scroll of enchant weapon {unknown}
 i - a scroll of holy word {unknown}
 j - 3 scrolls of identify
 l - a scroll of fear
 n - a scroll of fog {unknown}
 p - a scroll of acquirement {unknown}
 q - a scroll of vulnerability {unknown}
 s - a scroll of brand weapon {unknown}
Potions
 d - a potion of might
 e - a potion of magic {unknown}
 k - a potion of attraction
 r - a potion of brilliance {unknown}
 u - a potion of heal wounds {unknown}
 w - a potion of berserk rage {unknown}


   Skills:
 + Level 6.7 Fighting
 + Level 4.8 Short Blades
 + Level 1.6 Long Blades
 + Level 1.6 Axes
 + Level 1.6 Maces & Flails
 + Level 1.6 Polearms
 + Level 1.6 Staves
 + Level 1.6 Slings
 + Level 1.6 Bows
 + Level 1.6 Crossbows
 + Level 1.6 Throwing
 + Level 6.7 Armour
 + Level 1.6 Dodging
 + Level 1.6 Stealth
 + Level 6.7 Shields
 + Level 1.6 Unarmed Combat
 + Level 1.6 Spellcasting
 + Level 1.3 Conjurations
 + Level 1.3 Hexes
 + Level 1.3 Summonings
 + Level 1.3 Necromancy
 + Level 1.3 Translocations
 + Level 1.3 Transmutations
 + Level 1.3 Fire Magic
 + Level 1.3 Ice Magic
 + Level 1.3 Air Magic
 + Level 1.3 Earth Magic
 + Level 1.3 Poison Magic
 + Level 1.9 Invocations
 + Level 1.6 Evocations


You had 7 spell levels left.
You didn't know any spells.
Your spell library contained the following spells:

 Spells                   Type           Power      Damage    Failure   Level
 Sublimation of Blood     Necr           1%         N/A       96%         2
 Wereblood                Tmut           2%         N/A       96%         2
 Summon Hydra             Summ           1%         N/A       100%        7


Dungeon Overview and Level Annotations

Branches:
Dungeon (3/15)

Altars:
Nemelex Xobeh

Shops:
D:2 ?


Innate Abilities, Weirdness & Mutations

You have very sharp teeth.
Your uncanny sense of smell can sniff out nearby items.
Your experience applies equally to all skills.


Message History

You are too injured to fight recklessly!
A jelly is nearby!
You are too injured to fight recklessly!
You draw a card...
You have drawn Degeneration.
The jelly evaporates and reforms as a killer bee!
The killer bee twists and deforms.
The killer bee closely misses you.
The killer bee stings you but does no damage.
The killer bee stings you.
You are poisoned.
The killer bee poisons you!
You feel sick.
You feel sick. You block the killer bee's attack.
You barely miss the killer bee.
The killer bee stings you but does no damage.
The killer bee stings you.
* * * LOW HITPOINT WARNING * * *
You are more poisoned.
The killer bee poisons you!
You barely miss the killer bee.
You feel sick. The killer bee misses you. The killer bee barely misses you.
You hit the killer bee.
The killer bee is moderately wounded.
You feel sick. The killer bee barely misses you.
Okay, then.
Unknown command.
You draw a card...
You have drawn the Cloud.
Clouds appear around you!
You feel sick. You block the killer bee's attack.
The killer bee stings you but does no damage.
You feel sick. You block the killer bee's attack.
You draw a card...
You have drawn Velocity.
Nothing appears to happen.
You feel sick. The killer bee stings you.
* * * LOW HITPOINT WARNING * * *
The killer bee stings you.
* * * LOW HITPOINT WARNING * * *
You are more poisoned.
The killer bee poisons you!
It was a potion of attraction.
You feel attractive to monsters.
You die...
Your body disappears without a glow.

######### ##+###### #.......#
#.......# ########.#####.#
#.......# .........# #.# .......#
## .........#####.#####......# .
................@y§§.# #
.........#.###.#####.# #..####
.........#.....# #.# .......
.........#..##.# #.# .#.....
######.......... ... ...####
########.#..#..# #.#.#...#.#...
................. ..............
.........#.##...#. ###.#......#.#
................................#


You could see a killer bee (misshapen).

Vanquished Creatures
  A bullfrog zombie (D:3)
  4 gnolls (D:2)
  7 adders
  2 worms (D:2)
  5 orcs (D:3)
  8 ball pythons
  5 bats
  8 endoplasms
  3 giant cockroaches
  4 goblins (D:1)
  9 hobgoblins
  4 jackals
  A quokka (D:2)
  2 frilled lizards
  2 kobolds
  3 rats
68 creatures vanquished.

Notes
Turn   | Place    | Note
-------+----------+-------------------------------------------
     0 | D:1      | MisterFreud the Gnoll Fighter began the quest for the Orb.
     0 | D:1      | Reached XP level 1. HP: 23/23 MP: 1/1
   239 | D:1      | Reached XP level 2. HP: 29/29 MP: 2/2
   552 | D:1      | Found a faded altar of an unknown god.
   590 | D:1      | Became a worshipper of Nemelex Xobeh the Trickster
   590 | D:1      | Reached * piety under Nemelex Xobeh
   590 | D:1      | Received a gift from Nemelex Xobeh
   817 | D:2      | Reached XP level 3. HP: 31/35 MP: 2/4
   854 | D:2      | Found Esafov's Magic Scroll Boutique.
   884 | D:2      | Bought a scroll of teleportation for 33 gold pieces
   884 | D:2      | Bought a scroll of fear for 38 gold pieces
   884 | D:2      | Bought a scroll of identify for 22 gold pieces
   969 | D:2      | Reached skill level 1 in Invocations
  1294 | D:2      | Reached skill level 1 in Long Blades
  1294 | D:2      | Reached skill level 1 in Axes
  1294 | D:2      | Reached skill level 1 in Maces & Flails
  1294 | D:2      | Reached skill level 1 in Polearms
  1294 | D:2      | Reached skill level 1 in Staves
  1294 | D:2      | Reached skill level 1 in Slings
  1294 | D:2      | Reached skill level 1 in Bows
  1294 | D:2      | Reached skill level 1 in Crossbows
  1294 | D:2      | Reached skill level 1 in Throwing
  1294 | D:2      | Reached skill level 1 in Dodging
  1294 | D:2      | Reached skill level 1 in Stealth
  1294 | D:2      | Reached skill level 1 in Unarmed Combat
  1294 | D:2      | Reached skill level 1 in Spellcasting
  1294 | D:2      | Reached skill level 1 in Evocations
  1294 | D:2      | Reached XP level 4. HP: 41/41 MP: 5/5
  1456 | D:2      | Reached skill level 1 in Conjurations
  1456 | D:2      | Reached skill level 1 in Hexes
  1456 | D:2      | Reached skill level 1 in Summonings
  1456 | D:2      | Reached skill level 1 in Necromancy
  1456 | D:2      | Reached skill level 1 in Translocations
  1456 | D:2      | Reached skill level 1 in Transmutations
  1456 | D:2      | Reached skill level 1 in Fire Magic
  1456 | D:2      | Reached skill level 1 in Ice Magic
  1456 | D:2      | Reached skill level 1 in Air Magic
  1456 | D:2      | Reached skill level 1 in Earth Magic
  1456 | D:2      | Reached skill level 1 in Poison Magic
  1481 | D:2      | Reached XP level 5. HP: 20/47 MP: 6/6
  2382 | D:3      | Reached ** piety under Nemelex Xobeh
  2628 | D:3      | Received a gift from Nemelex Xobeh
  2688 | D:3      | HP: 2/47 [killer bee (3)]
  2689 | D:3      | Succumbed to a killer bee's poison

Illustrated notes

Levels and vault maps discovered:
D:1:      lightli_arrival_chessboard, layout_rooms,
          shapermc_ecumenical_altar_starsandcircs
D:2:      layout_loops_ring, serial_shops, nicolae_shop_waterfront,
          serial_glass, glass_columns_a, glass_columns_a, moated_statue
D:3:      layout_basic

Skill      XL: |  1  2  3  4 |
---------------+-------------+-----
Invocations    | 1 |  1.9
Long Blades    | 1 |  1.6
Axes           | 1 |  1.6
Maces & Flails | 1 |  1.6
Polearms       | 1 |  1.6
Staves         | 1 |  1.6
Slings         | 1 |  1.6
Bows           | 1 |  1.6
Crossbows      | 1 |  1.6
Throwing       | 1 |  1.6
Dodging        | 1 |  1.6
Stealth        | 1 |  1.6
Unarmed Combat | 1 |  1.6
Spellcasting   | 1 |  1.6
Evocations     | 1 |  1.6
Conjurations   | 1 |  1.3
Hexes          | 1 |  1.3
Summonings     | 1 |  1.3
Necromancy     | 1 |  1.3
Translocations | 1 |  1.3
Transmutations | 1 |  1.3
Fire Magic     | 1 |  1.3
Ice Magic      | 1 |  1.3
Air Magic      | 1 |  1.3
Earth Magic    | 1 |  1.3
Poison Magic   | 1 |  1.3
Fighting       | |  6.7
Short Blades   | |  4.8
Armour         | |  6.7
Shields        | |  6.7

Action                   |  1- 3 |  4- 6 || total
-------------------------+-------+-------++-------
Melee: Rapier            |   108 |   141 ||   249
       Bite              |     8 |    13 ||    21
       Short sword       |       |    23 ||    23
Invok: Draw Escape       |       |     2 ||     2
       Draw Destruction  |       |     1 ||     1
  Use: Potion            |       |     1 ||     1
Armor: Scale mail        |    46 |    57 ||   103
Dodge: Dodged            |    49 |    48 ||    97
Block: Kite shield       |    61 |    87 ||   148
